 Dungeon Crawl Stone Soup version 0.30.1 (webtiles) character file.

Game seed: 17506072634694843136

143572 LustLizard the Swashbuckler (level 17, -14/104 (111) HPs)
             Began as a Kobold Brigand on July 8, 2023.
             Was the Champion of Ru.
             Demolished by a +5 glaive of freezing (19 damage)
             ... on level 2 of the Elven Halls.
             The game lasted 01:33:56 (30174 turns).

LustLizard the Swashbuckler (Kobold Brigand)       Turns: 30174, Time: 01:33:58

HP:   -14/104 (111) AC: 22    Str: 12    XL:     17   Next: 0%
MP:   28/28         EV: 25    Int: 18    God:    Ru [******]
Gold: 3111          SH:  0    Dex: 22    Spells: 23/31 levels left

rFire   x . .        b - +9 short sword "Gienauf" {flame, rCorr Stlth+}
rCold   x . .        (no shield)
rNeg    . . .        G - +6 leather armour "Weisoilo" {rElec Int+2 Stlth+}
rPois   .            q - +2 helmet
rElec   +            U - +2 cloak of Valiance {rElec Str+3}
rCorr   +            (no gloves)
SInv    .            V - +2 pair of boots {rampage}
Will    ++...        s - amulet of regeneration
Stlth   ++++++++     x - ring of the Country {Fly rElec Will+ Int+2}
HPRegen 1.17/turn    Y - +4 ring of protection
MPRegen 0.21/turn

%: rampage
@: flying, drained
A: small, no large weapons, nightstalker 3, hated by all, inability to train
armour, inexperienced 1, temperature sensitive
a: Renounce Religion, Draw Out Power, Power Leap, Apocalypse


You were on level 2 of the Elven Halls.
You worshipped Ru.
Ru was exalted by your worship.
You visited 5 branches of the dungeon, and saw 25 of its levels.
You also visited: Sewer, Bailey, Gauntlet and Ice Cave.

You collected 3441 gold pieces.
You spent 330 gold pieces at shops.

Inventory:

Hand Weapons
 b - the +9 short sword "Gienauf" (weapon) {flame, rCorr Stlth+}
   (You bought it in a shop on level 2 of the Orcish Mines)

   rCorr:     It protects you from acid and corrosion.
   Stlth:     It makes you more stealthy.
Missiles
 d - 77 poisoned darts (quivered)
 L - 24 boomerangs
 M - 4 atropa-tipped darts
 N - 4 datura-tipped darts
 Q - 18 curare-tipped darts
Armour
 a - the +0 ring mail of Moeloy {rF+ rC+}
   (You found it on level 7 of the Dungeon)

   rF:        It protects you from fire.
   rC:        It protects you from cold.
 g - a +0 buckler of protection
 q - a +2 helmet (worn)
 G - the +6 leather armour "Weisoilo" (worn) {rElec Int+2 Stlth+}
   (You found it on level 3 of the Dungeon)

   Int:       It affects your intelligence (+2).
   rElec:     It insulates you from electricity.
   Stlth:     It makes you more stealthy.
 U - the +2 cloak of Valiance (worn) {rElec Str+3}
   (You found it on level 8 of the Dungeon)

   Str:       It affects your strength (+3).
   rElec:     It insulates you from electricity.
 V - a +2 pair of boots of rampaging (worn)
Jewellery
 j - the macabre finger necklace {Finger+ rN+}
   (You found it in a Gauntlet)

   [amulet of nothing]

   Finger+:   It enables you to equip an extra ring.
   rN:        It protects you from negative energy.
 s - an amulet of regeneration (around neck)
 x - the ring of the Country (left hand) {Fly rElec Will+ Int+2}
   (You found it on level 3 of the Lair of Beasts)

   [ring of willpower]

   Int:       It affects your intelligence (+2).
   rElec:     It insulates you from electricity.
   Fly:       It grants you flight.
   Will:      It increases your willpower.
 y - a ring of poison resistance
 F - an amulet of the acrobat
 H - a ring of protection from cold
 Y - a +4 ring of protection (right hand)
Wands
 c - a wand of roots (12)
 J - a wand of quicksilver (13)
 T - a wand of flame (39)
 W - a wand of polymorph (10)
 Z - a wand of paralysis (4)
Scrolls
 h - 2 scrolls of acquirement
 i - 5 scrolls of magic mapping
 l - 7 scrolls of fog
 m - 4 scrolls of immolation
 p - 5 scrolls of poison
 v - 2 scrolls of enchant armour
 w - 3 scrolls of torment
 z - 11 scrolls of teleportation
 B - 5 scrolls of enchant weapon
 C - 2 scrolls of brand weapon
 D - 2 scrolls of blinking
 I - 2 scrolls of fear
 K - a scroll of silence
 S - 6 scrolls of butterflies
Potions
 e - 2 potions of heal wounds
 k - 2 potions of flight
 n - 13 potions of curing
 o - 11 potions of brilliance
 r - 5 potions of magic
 t - 5 potions of haste
 u - 4 potions of might
 A - 4 potions of mutation
 E - 4 potions of invisibility
 P - 4 potions of ambrosia
 R - 3 potions of lignification
 X - 2 potions of cancellation
Miscellaneous
 f - a box of beasts
 O - a lightning rod (4/4)


   Skills:
 + Level 14.2 Fighting
 - Level 15.0(18.6) Short Blades
 * Level 12.1(13.5) Long Blades
 - Level 6.0 Throwing
 - Level 13.7 Dodging
 - Level 10.0 Stealth
 * Level 5.8 Shields
 + Level 7.7 Spellcasting
 * Level 3.9 Conjurations
 * Level 10.4 Air Magic
 - Level 10.8 Evocations


You had 23 spell levels left.
You knew the following spells:

 Your Spells              Type           Power      Damage    Failure   Level
a - Swiftness             Air            44%        N/A       1%          3
b - Arcjolt               Conj/Air       16%        1d26      19%         5

Your spell library contained the following spells:

 Spells                   Type           Power      Damage    Failure   Level
 Shock                    Conj/Air       100%       1d9       1%          1
 Airstrike                Air            22%        2d(4-20)  1%          4
 Poisonous Vapours        Pois/Air       50%        N/A       2%          2
 Cigotuvi's Dreadful Rot  Necr/Pois/Air  38%        N/A       4%          2
 Vhi's Electric Charge    Tloc/Air       50%        N/A       4%          3
 Freeze                   Ice            24%        1d4       13%         1
 Necrotise                Necr           24%        1d5       13%         1
 Sting                    Tmut/Pois      24%        1d4       13%         1
 Hailstorm                Conj/Ice       13%        3d5       17%         3
 Ensorcelled Hibernation  Hex/Ice        12%        N/A       19%         2
 Sublimation of Blood     Necr           6%         N/A       19%         2
 Wereblood                Tmut           6%         N/A       19%         2
 Frozen Ramparts          Ice            12%        1d2       36%         3
 Anguish                  Hex/Necr       3%         N/A       77%         4
 Cause Fear               Hex            3%         N/A       77%         4
 Dispel Undead            Necr           6%         3d8       77%         4
 Ice Form                 Ice/Tmut       6%         N/A       77%         4
 Olgreb's Toxic Radiance  Pois           6%         N/A       77%         4
 Petrify                  Tmut/Erth      6%         N/A       77%         4
 Irradiate                Conj/Tmut      6%         3d13      85%         5
 Plasma Beam              Fire/Air       12%        2x1d26    92%         6
 Blade Hands              Tmut           3%         N/A       98%         5
 Borgnjor's Vile Clutch   Necr/Erth      3%         N/A       98%         5
 Iron Shot                Conj/Erth      6%         9d2       100%        6
 Enfeeble                 Hex            3%         N/A       100%        7
 Orb of Destruction       Conj           10%        9d6       100%        7
 Borgnjor's Revivificati  Necr           3%         N/A       100%        8
 Maxwell's Capacitive Co  Air            22%        ∞         100%        8
 Necromutation            Tmut/Necr      3%         N/A       100%        8
 Death's Door             Necr           3%         N/A       100%        9
 Fire Storm               Conj/Fire      6%         8d2       100%        9
 Animate Armour           Summ/Erth      Unusable   N/A       N/A         4
 Summon Ice Beast         Ice/Summ       Unusable   N/A       N/A         4
 Summon Mana Viper        Hex/Summ       Unusable   N/A       N/A         5
 Death Channel            Necr           Unusable   N/A       N/A         6
 Monstrous Menagerie      Summ           Unusable   N/A       N/A         7
 Summon Hydra             Summ           Unusable   N/A       N/A         7

Dungeon Overview and Level Annotations

Branches:
Dungeon (15/15)            Temple (1/1) D:4            Lair (5/5) D:11
  Swamp (0/4) Lair:3       Spider (0/4) Lair:3        Slime (0/5) Lair:5
    Orc (2/2) D:12            Elf (2/3) Orc:2        Vaults (0/5) D:13
 Depths (0/4) D:15          Sewer (visited)          Bailey (visited)
  IceCv (visited)         Gauntlet (visited)

Altars:
Cheibriados
Kikubaaqudgha
Okawaru
Ru
Sif Muna
Uskayaw
Vehumet
Xom
The Shining One

Shops:
D:1 [   D:2 ?   D:5 !   Orc:1 ?   Orc:2 *:([   Elf:1 !

Annotations:
D:7 1 runed translucent door, Drain's ghost, novice OpCj
D:12 1 runed translucent door
Lair:3 1 runed translucent door, middlethird's ghost, journeyman VSRe
Lair:4 3 runed translucent doors
Orc:2 3 runed translucent doors, minhee2137's ghost, journeyman MiBe


Innate Abilities, Weirdness & Mutations

You are small and have problems with some larger weapons.
You are completely attuned to the shadows.
You are hated by all.
You cannot train Armour skill.
You are somewhat inexperienced. (-1 XL)
You are sensitive to extremes of temperature. (rF-, rC-)


Message History

You hit the +5 glaive of freezing.
The +5 glaive of freezing is heavily damaged.
You barely miss the +5 glaive of freezing.
The +5 glaive of freezing is heavily damaged.
You redirect the +5 glaive of freezing's attack!
The +5 glaive of freezing closely misses itself.
You closely miss the +5 glaive of freezing.
The +5 glaive of freezing is heavily damaged.
The +5 glaive of freezing hits you! The +5 glaive of freezing freezes you.
You focus your inner power and illuminate the +5 glaive of freezing in retribution!
You barely miss the +5 glaive of freezing.
The +5 glaive of freezing is heavily damaged.
You hit the +5 glaive of freezing but do no damage.
The +5 glaive of freezing is heavily damaged.
The +5 glaive of freezing hits you.
* * * LOW HITPOINT WARNING * * *
The +5 glaive of freezing freezes you.
* * * LOW HITPOINT WARNING * * *
You puncture the +5 glaive of freezing!
The +5 glaive of freezing is severely damaged.
You hit the +5 glaive of freezing but do no damage.
The +5 glaive of freezing is severely damaged.
The +5 glaive of freezing hits you but does no damage.
You hit the +5 glaive of freezing.
The +5 glaive of freezing is almost destroyed.
The +5 glaive of freezing closely misses you.
You hit the +5 glaive of freezing but do no damage.
The +5 glaive of freezing is severely damaged.
You hit the +5 glaive of freezing but do no damage.
The +5 glaive of freezing is severely damaged.
The +5 glaive of freezing is stunned by your conviction and fails to attack.
You hit the +5 glaive of freezing but do no damage.
The +5 glaive of freezing is severely damaged.
You barely miss the +5 glaive of freezing.
You punch the +5 glaive of freezing.
The +5 glaive of freezing is almost destroyed.
The +5 glaive of freezing hits you!!
* * * LOW HITPOINT WARNING * * *
The +5 glaive of freezing freezes you!!
You die...

##############
##..#..##..##.###
....@...........#
...(............##
..........##.....#
#.......#####....#
##.....## ##...#
...#####...##
......##...##
...........#
............#


You could see a +5 glaive of freezing (corona).

Vanquished Creatures
  A deep elf blademaster (Elf:2)
  A frost giant (IceCv)
  A caustic shrike zombie (D:15)
  A deep elf sorcerer (Elf:1)
  A ghost moth (shapeshifter) (D:14)
  2 orc warlords
  A deep elf annihilator (Elf:1)
  Josephine (D:15)
  A fire dragon (Lair:5)
  Fannar (Lair:3)
  5 vault guards (D:13)
  2 hydras
  3 centaur warriors
  A catoblepas (D:13)
  2 two-headed ogres
  3 boulder beetles
  10 dancing weapons
  8 death yaks
  3 tengu warriors
  An orc high priest (Orc:2)
  Nergalle (Orc:1)
  A storm dragon zombie (D:15)
  9 deep elf knights
  A fire crab (Gauntlet)
  6 skeletal warriors
  A flayed ghost (D:15)
  10 deep elf archers
  5 orc knights
  A swamp dragon (Lair:5)
  A necromancer (D:15)
  2 cyclopes
  19 deep elf zephyrmancers
  22 deep elf pyromancers
  8 orc sorcerers
  5 wolf spiders (D:12)
  15 ugly things
  4 manticores
  A frost giant zombie (D:15)
  10 elephants
  A moth of wrath (Gauntlet)
  2 torpor snails (Lair:4)
  8 black mambas
  An ice statue (IceCv)
  2 kobold demonologists
  3 gargoyles
  3 unseen horrors
  7 cane toads
  A yaktaur (D:13)
  8 komodo dragons
  2 tengu conjurers
  18 rime drakes
  7 meliai
  A spriggan skeleton (D:15)
  2 tyrant leeches (Lair:3)
  A queen bee (Lair:4)
  10 trolls
  Prince Ribbit (D:7)
  14 blink frogs
  2 hornets (D:12)
  8 polar bears
  2 raiju (Gauntlet)
  2 air elementals
  A jumping spider (shapeshifter) (D:13)
  11 slime creatures
  Sigmund (D:2)
  8 wraiths
  A vampire (D:13)
  2 fire elementals (Elf:1)
  2 shadows
  3 steam dragons (Lair:5)
  50 yaks
  4 fire bats (Gauntlet)
  A hog (shapeshifter) (D:14)
  Grum (D:10)
  5 basilisks
  Eustachio (D:4)
  5 redbacks (D:12)
  Menkaure (D:4)
  16 vampire mosquitoes
  Edmund (D:4)
  7 wargs
  3 acid dragons
  18 water moccasins
  7 ice beasts
  2 swamp drakes (Lair:5)
  41 orc warriors
  Pargi (Sewer)
  2 sky beasts
  3 black bears
  7 ogres
  37 wolves
  16 centaurs
  13 kobold brigands
  10 bullfrogs
  3 gnoll sergeants
  An earth elemental (Elf:1)
  50 killer bees
  4 howler monkeys
  3 hounds
  A jelly (D:8)
  12 orc priests
  A sleepcap (D:6)
  6 iguanas
  Terence (D:2)
  22 orc wizards
  Ijyb (D:5)
  2 lightning spires (Gauntlet)
  A mummy (D:7)
  7 gnolls
  10 adders
  A river rat (D:4)
  2 white imps
  An ufetubus (D:3)
  2 worms (D:3)
  6 dart slugs
  63 orcs
  11 ball pythons
  6 bats
  8 endoplasms
  4 giant cockroaches
  11 goblins
  14 hobgoblins
  4 jackals (D:1)
  39 kobolds
  8 quokkas
  8 frilled lizards
  7 rats
878 creatures vanquished.

Vanquished Creatures (others)
  A minotaur (Gauntlet)
  A hydra (Lair:5)
  2 dancing weapons (Elf:1)
  An orc knight (D:15)
  2 deep elf zephyrmancers
  2 elephants (Lair:4)
  A yak (D:12)
  A water moccasin (Lair:4)
  A wolf (IceCv)
  An orc priest (Orc:2)
  4 orc wizards
  2 orcs (Orc:1)
19 creatures vanquished.

Grand Total: 897 creatures vanquished

Notes
Turn   | Place    | Note
-------+----------+-------------------------------------------
     0 | D:1      | LustLizard the Kobold Brigand began the quest for the Orb.
     0 | D:1      | Reached XP level 1. HP: 12/12 MP: 1/1
    38 | D:1      | Reached skill level 3 in Short Blades
    53 | D:1      | Reached XP level 2. HP: 17/18 MP: 2/2
   142 | D:1      | Reached XP level 3. HP: 22/22 MP: 3/3
   184 | D:1      | Found Mokuac's Antique Armour Boutique.
   333 | D:1      | Reached skill level 4 in Short Blades
   727 | D:1      | Reached XP level 4. HP: 27/27 MP: 4/4
  1025 | D:2      | Noticed Terence
  1282 | D:2      | Killed Terence
  1282 | D:2      | HP: 1/28 [dart slug/slug dart (3)]
  1283 | D:2      | Reached XP level 5. HP: 1/32 MP: 5/5
  1586 | D:2      | Reached skill level 5 in Short Blades
  1604 | D:2      | Found Ehuziu Cenn's Magic Scroll Emporium.
  1608 | D:2      | Bought a scroll of identify for 26 gold pieces
  1662 | D:2      | Noticed Sigmund
  1673 | D:2      | Killed Sigmund
  1674 | D:2      | Reached skill level 6 in Short Blades
  1674 | D:2      | Reached XP level 6. HP: 38/38 MP: 6/6
  2048 | D:3      | You fall into a shaft and drop 3 floors!
  2107 | D:6      | Noticed a sky beast
  2135 | D:6      | Killed a sky beast
  2136 | D:6      | Reached XP level 7. HP: 28/43 MP: 7/7
  2457 | D:5      | Entered Level 5 of the Dungeon
  2461 | D:5      | Found Dauduor's Distillery.
  2520 | D:4      | Noticed Eustachio
  2685 | D:4      | Noticed Menkaure
  2772 | D:4      | Found a glowing drain.
  2804 | Sewer    | Entered a sewer
  2968 | Sewer    | Noticed Pargi
  2987 | Sewer    | Killed Pargi
  2988 | Sewer    | Reached skill level 7 in Short Blades
  3149 | D:4      | Found a staircase to the Ecumenical Temple.
  3155 | Temple   | Entered the Ecumenical Temple
  3413 | Temple   | Became a worshipper of Ru the Awakened
  3504 | D:4      | Noticed Edmund
  3849 | D:3      | Identified the +6 leather armour "Weisoilo" {rElec Int+2
                  | Stlth+}
  4527 | D:4      | Killed Eustachio
  4528 | D:4      | Reached skill level 8 in Short Blades
  4528 | D:4      | Reached XP level 8. HP: 48/48 MP: 8/8
  4539 | D:4      | Gained mutation: You are sensitive to extremes of
                  | temperature. (rF-, rC-) [Ru sacrifice]
  4539 | D:4      | Reached * piety under Ru
  4539 | D:4      | Reached ** piety under Ru
  4682 | D:4      | Killed Edmund
  4683 | D:4      | Reached skill level 5 in Fighting
  4683 | D:4      | Reached skill level 5 in Throwing
  4765 | D:4      | Killed Menkaure
  4978 | D:5      | Noticed Ijyb
  4987 | D:5      | Killed Ijyb
  4999 | D:5      | Reached skill level 9 in Short Blades
  5099 | D:5      | Reached skill level 12 in Short Blades
  5099 | D:5      | Reached skill level 5 in Evocations
  5099 | D:5      | Reached XP level 9. HP: 59/59 MP: 9/9
  5162 | D:5      | Reached XP level 10. HP: 64/64 MP: 10/10
  6218 | D:6      | Reached skill level 13 in Short Blades
  6449 | D:7      | Noticed Prince Ribbit
  6476 | D:7      | Killed Prince Ribbit
  6490 | D:7      | Identified the +0 ring mail of Moeloy {rF+ rC+}
  6614 | D:7      | Found a flagged portal.
  6620 | Bailey   | Entered a bailey
  6668 | Bailey   | Noticed an orc knight
  6802 | Bailey   | Killed an orc knight
  6887 | Bailey   | Found a bloodstained altar of Trog.
  7414 | D:7      | Found a runed translucent door.
  7414 | D:7      | Noticed Drain's ghost (novice OpCj)
  7777 | D:7      | Found a snail-covered altar of Cheibriados.
  7802 | D:7      | Gained mutation: You are hated by all. [Ru sacrifice]
  7802 | D:7      | Reached *** piety under Ru
  7836 | D:7      | Reached XP level 11. HP: 69/69 MP: 11/11
  7916 | D:7      | Reached skill level 10 in Stealth
  8145 | D:8      | Reached skill level 14 in Short Blades
  8405 | D:8      | Identified the +2 cloak of Valiance {rElec Str+3}
  9487 | D:10     | Entered Level 10 of the Dungeon
  9652 | D:10     | Identified 2 scrolls of acquirement
  9775 | D:10     | Noticed Grum
  9819 | D:10     | Killed Grum
  9942 | D:10     | Reached skill level 15 in Short Blades
 10201 | D:10     | Noticed a two-headed ogre
 10205 | D:10     | Killed a two-headed ogre
 10206 | D:10     | Reached skill level 1 in Long Blades
 10405 | D:11     | Reached XP level 12. HP: 76/76 MP: 12/12
 10659 | D:11     | Gained mutation: You cannot train Armour skill. [Ru
                  | sacrifice]
 10659 | D:11     | Reached **** piety under Ru
 10659 | D:11     | Reached ***** piety under Ru
 10764 | D:11     | Found a staircase to the Lair.
 11320 | D:11     | Reached skill level 10 in Fighting
 11513 | D:11     | Noticed a boulder beetle
 11531 | D:11     | Killed a boulder beetle
 11532 | D:11     | Reached skill level 10 in Dodging
 11562 | Lair:1   | Entered Level 1 of the Lair of Beasts
 11569 | Lair:1   | Found a gate leading to a gauntlet.
 11670 | Lair:1   | Noticed a death yak
 11670 | Lair:1   | Noticed a death yak
 11674 | Lair:1   | Noticed a death yak
 11762 | Lair:1   | Killed a death yak
 11779 | Lair:1   | Killed a death yak
 11810 | Lair:1   | Killed a death yak
 11811 | Lair:1   | Reached skill level 5 in Long Blades
 11841 | Gauntlet | Entered a Gauntlet
 11848 | Gauntlet | Found a transporter.
 11884 | Gauntlet | Noticed a hell hog
 11897 | Gauntlet | Found a transporter.
 11910 | Gauntlet | Found a runed translucent door.
 11924 | Gauntlet | Noticed a fire crab
 11937 | Gauntlet | Found a transporter.
 11937 | Gauntlet | Found a transporter.
 11944 | Gauntlet | Found a transporter.
 11967 | Gauntlet | Found the macabre finger necklace {Finger+ rN+}
 11974 | Gauntlet | Found a runed translucent door.
 11984 | Gauntlet | Found a transporter.
 11996 | Gauntlet | Found a transporter.
 11996 | Gauntlet | Found a transporter.
 12089 | Gauntlet | Found a transporter.
 12089 | Gauntlet | Found a transporter.
 12220 | Gauntlet | Found a transporter.
 12220 | Gauntlet | Found a transporter.
 12286 | Gauntlet | Got the Secrets of Twisted Heat
 12321 | Gauntlet | Killed a fire crab
 12322 | Gauntlet | Reached XP level 13. HP: 36/83 MP: 13/13
 12568 | Gauntlet | Noticed a minotaur
 12572 | Gauntlet | Killed a minotaur
 13809 | Lair:2   | Found a frozen archway.
 13860 | IceCv    | Entered an ice cave
 14025 | IceCv    | Gained mutation: You are somewhat inexperienced. (-1 XL)
                  | [Ru sacrifice]
 14025 | IceCv    | Reached XP level 12. HP: 80/80 MP: 12/12
 14025 | IceCv    | Reached ****** piety under Ru
 14300 | IceCv    | Reached skill level 10 in Evocations
 14437 | IceCv    | Noticed a frost giant
 14545 | IceCv    | Killed a frost giant
 14669 | IceCv    | Reached XP level 13. HP: 20/84 MP: 13/13
 14892 | IceCv    | Got the Catalogue of Algor
 15793 | Lair:3   | Reached skill level 1 in Spellcasting
 15910 | Lair:3   | Found a hole to the Spider Nest.
 16186 | Lair:3   | Identified the ring of the Country {Fly rElec Will+ Int+2}
 16356 | Lair:3   | Found a staircase to the Swamp.
 16530 | Lair:3   | Noticed Fannar
 16532 | Lair:3   | Killed Fannar
 16544 | Lair:3   | Found a runed translucent door.
 16545 | Lair:3   | Noticed middlethird's ghost (journeyman VSRe)
 17090 | Lair:4   | Learned a level 3 spell: Swiftness
 17432 | Lair:4   | Reached skill level 1 in Air Magic
 18070 | Lair:4   | Found a runed translucent gate.
 18070 | Lair:4   | Found a runed translucent gate.
 18070 | Lair:4   | Found a runed translucent gate.
 18614 | Lair:5   | Entered Level 5 of the Lair of Beasts
 18963 | Lair:5   | Found a hide-covered altar of Uskayaw.
 19200 | Lair:5   | Reached XP level 14. HP: 56/92 MP: 19/19
 19467 | Lair:5   | Found a staircase to the Slime Pits.
 19998 | Lair:5   | Reached skill level 5 in Air Magic
 20005 | Lair:5   | Identified the +1 robe of Rotation {rElec Slay+5 Archmagi}
 20469 | D:12     | Found the +9 staff of Olgreb {rPois∞}
 20518 | D:12     | Found a runed translucent gate.
 20554 | D:12     | Found a runed translucent gate.
 20554 | D:12     | Found a runed translucent gate.
 20568 | D:12     | Found a runed translucent door.
 20677 | D:12     | Found a runed translucent door.
 20935 | D:12     | Found a staircase to the Orcish Mines.
 21563 | D:12     | Reached skill level 10 in Long Blades
 21652 | D:12     | Reached skill level 5 in Spellcasting
 21719 | Orc:1    | Entered Level 1 of the Orcish Mines
 21720 | Orc:1    | Noticed an orc warlord
 21771 | D:12     | Killed an orc warlord
 22167 | Orc:2    | Entered Level 2 of the Orcish Mines
 22244 | Orc:2    | Found a staircase to the Elven Halls.
 22410 | Orc:2    | Found a runed translucent gate.
 22424 | Orc:2    | Noticed an orc warlord
 22435 | Orc:2    | Killed an orc warlord
 22483 | Orc:2    | Found a runed translucent gate.
 22638 | Orc:2    | Reached XP level 15. HP: 78/81 MP: 14/23
 22815 | Orc:2    | Found Boroajax's Antique Armour Boutique.
 22867 | Orc:2    | Found Xunoys's General Store.
 22999 | Orc:2    | Found Jomoczi's Book Boutique.
 23015 | Orc:2    | Found Felelaes's Antique Weapon Boutique.
 23020 | Orc:2    | Bought a smoking short sword for 248 gold pieces
 23020 | Orc:2    | Identified the +9 short sword "Gienauf" {flame, rCorr
                  | Stlth+} (You bought it in a shop on level 2 of the Orcish
                  | Mines)
 23370 | Orc:2    | Found a runed translucent gate.
 23370 | Orc:2    | Noticed minhee2137's ghost (journeyman MiBe)
 23436 | Orc:2    | Identified the +5 ring mail "Rinayv" {*Slow +Blink +Inv rN+
                  | SInv}
 23512 | Orc:1    | Noticed Nergalle
 23513 | Orc:1    | You fall into a shaft and drop 1 floor!
 23578 | Orc:1    | Killed Nergalle
 23670 | Orc:1    | Found Feteqihi's Magic Scroll Boutique.
 23675 | Orc:1    | Bought a scroll of fear for 56 gold pieces
 24191 | D:13     | Reached skill level 1 in Shields
 24251 | D:13     | Found a gate to the Vaults.
 25548 | D:14     | Found an iron altar of Okawaru.
 25615 | D:14     | Found a glowing golden altar of the Shining One.
 25780 | D:14     | Noticed an emperor scorpion
 25800 | D:14     | an emperor scorpion changed into something unseen
 25851 | D:15     | Entered Level 15 of the Dungeon
 26116 | D:15     | Noticed Josephine
 26120 | D:15     | Killed Josephine
 26198 | D:15     | Reached XP level 16. HP: 40/103 MP: 26/26
 26402 | D:15     | Found a staircase to the Depths.
 26613 | D:15     | Identified the +1 trident "Guxuuthi" {venom, rF+}
 27156 | Elf:1    | Entered Level 1 of the Elven Halls
 27483 | Elf:1    | Found Vesutie's Distillery.
 27506 | Elf:1    | Learned a level 5 spell: Arcjolt
 27904 | Elf:1    | Reached skill level 1 in Conjurations
 27922 | Elf:1    | Got Ereshkigal's Excursus on Blows
 28245 | Elf:1    | Reached skill level 5 in Shields
 28383 | Elf:1    | Reached skill level 10 in Air Magic
 28861 | Elf:2    | Found a runed translucent gate.
 28861 | Elf:2    | Found a runed translucent gate.
 28880 | Elf:2    | Found a runed translucent gate.
 29844 | Elf:2    | Noticed a deep elf blademaster
 29869 | Elf:2    | Killed a deep elf blademaster
 29991 | Elf:2    | HP: 3/90 [something/shard of ice (25)]
 30136 | Elf:2    | Reached XP level 17. HP: 103/104 MP: 28/28
 30174 | Elf:2    | HP: 5/104 [+5 glaive of freezing (27)]
 30174 | Elf:2    | Demolished by a +5 glaive of freezing

Illustrated notes

Levels and vault maps discovered:
D:1:      dpeg_arrival_refuge, layout_basic, serial_shops, shop
D:2:      layout_loops_cross, serial_shops, shop, uniq_sigmund, uniq_terence
D:3:      minmay_bubble_buster, layout_basic
D:4:      layout_basic, minmay_temple_entry_junction, portal_sewer_entry_a,
          minmay_stone_trees_small, uniq_menkaure, uniq_edmund, uniq_eustachio
D:5:      layout_loops_cross, serial_shops, shop, uniq_ijyb
D:6:      layout_basic, grunt_decor_cap
D:7:      layout_rooms, slow_altar_2, enter_bailey_8,
          hellmonk_ghost_happy_afterlife, nicolae_zen_rock_garden,
          minmay_misc_feat_hallway, uniq_prince_ribbit1
D:8:      layout_cave_pools, minmay_statues_item, minmay_orc_keep
D:9:      layout_roguey
D:10:     layout_basic, serial_glass, glass_columns_c, glass_columns_c,
          glass_columns_c, glass_columns_b, uniq_grum
D:11:     layout_rooms, hellmonk_lair_entry_icy, interstate_on_off, minmay_bent
D:12:     layout_loops_ring, orc_0_dummy, hex_medium,
          minmay_guarded_unrand_staff_of_olgreb
D:13:     layout_irregular_city, grunt_vaults_entry_fortified,
          minmay_fractal_squares_gapless_5
D:14:     layout_rooms, okawaru_ov_weapons_minmay, tso_oasis_becter
D:15:     gammafunk_depths_entry_grave, layout_small_grid,
          minmay_misc_feat_tower, nicolae_figureground_pulse, uniq_josephine
Temple:   mainiacjoe_temple_trianglar_array
Lair:1:   layout_regular_city, gauntlet_entry_generic, infiniplex_staircase_pool
Lair:2:   layout_roguey, portal_ice_cave_rime
Lair:3:   layout_hall_layers, minmay_swamp_entry_worms,
          hellmonk_spider_entry_not_the_bees, gammafunk_ghost_grave, uniq_fannar
Lair:4:   regret_index_wax_grids, layout_regular_city, gammafunk_ghost_cemetery
Lair:5:   guppyfry_lair_end_dragon, layout_misc_corridors, slime_entry_1,
          basic_altar
Orc:1:    layout_caves, serial_shops, shop, uniq_nergalle
Orc:2:    grunt_orc_cross, layout_caves, gammafunk_ghost_fury_of_okawaru,
          basic_altar, elves_outpost_lemuel
Elf:1:    layout_onion_city, serial_shops, shop, minmay_elf_annihilation,
          solitary_fountain
Elf:2:    elven_hall_of_blades_hangedman_original
          [infiniplex_blade_entry_pillars], layout_geoelf_octagon

Skill      XL: |  1  2  3  4  5  6  7  8  9 10 11 12 13 14 15 16 |
---------------+-------------------------------------------------+-----
Short Blades   | 3 4 6 8 12 13 15 | 15.0
Fighting       | 3 4 7 8 9 10 12 13 14 | 14.2
Throwing       | 3 4 5 6 |  6.0
Dodging        | 3 7 8 9 10 12 13 | 13.7
Stealth        | 8 9 10 | 10.0
Evocations     | 5 7 10 9 | 10.8
Long Blades    | 2 7 9 10 11 12 | 12.1
Spellcasting   | 3 5 6 7 |  7.7
Air Magic      | 4 7 9 10 | 10.4
Shields        | 3 5 |  5.8
Conjurations   | 3 |  3.9

Action                     |  1- 3 |  4- 6 |  7- 9 | 10-12 | 13-15 | 16-18 || total
---------------------------+-------+-------+-------+-------+-------+-------++-------
  Melee: Dagger            |    81 |    68 |   217 |  1395 |  2199 |       ||  3960
         Punch             |       |       |     2 |    25 |    47 |    17 ||    91
         Short sword       |       |       |       |       |   484 |   489 ||   973
  Throw: Dart              |     4 |     7 |     6 |    16 |    35 |       ||    68
 Invoke: Sacrifice Resista |       |       |     1 |       |       |       ||     1
         Sacrifice Love    |       |       |       |     1 |       |       ||     1
         Apocalypse        |       |       |       |     2 |     8 |     1 ||    11
         Sacrifice Durabil |       |       |       |     1 |       |       ||     1
         Sacrifice Experie |       |       |       |     1 |       |       ||     1
         Draw Out Power    |       |       |       |       |     1 |       ||     1
  Evoke: Lightning rod     |       |       |       |     2 |     5 |       ||     7
         Wand              |       |       |       |     1 |       |       ||     1
    Use: Scroll            |       |     1 |     8 |    18 |    10 |       ||    37
         Potion            |       |       |     1 |     1 |       |     4 ||     6
   Stab: Sleeping          |    11 |    17 |    32 |    42 |    93 |    24 ||   219
         Distracted        |       |       |     1 |     5 |    26 |     5 ||    37
         Invisible         |       |       |       |     5 |    18 |     1 ||    24
         Paralysed         |       |       |       |     3 |     7 |     2 ||    12
 Armour: Robe              |    18 |    10 |    22 |       |       |       ||    50
         Leather armour    |       |       |    29 |   178 |   357 |    68 ||   632
         Skin              |       |       |     1 |       |       |       ||     1
         Ring mail         |       |       |       |    49 |    26 |       ||    75
  Dodge: Dodged            |    39 |    19 |   106 |   767 |  1682 |   163 ||  2776
